 Dungeon Crawl Stone Soup version 0.17-a0-1337-ge651487 (webtiles) character file.

1297 Cryogen the Cleaver (level 8, -1/64 HPs)
             Began as a Hill Orc Fighter on June 10, 2015.
             Was a Follower of Trog.
             Slain by an orc warrior
             ... wielding a +0 glaive of protection
              (13 damage)
             ... on level 6 of the Dungeon.
             The game lasted 00:26:59 (5514 turns).

Cryogen the Cleaver (Hill Orc Fighter)              Turns: 5514, Time: 00:26:59

Health: -1/64      AC:  8    Str: 21    XL:     8   Next: 56%
Magic:  8/8        EV:  9    Int:  8    God:    Trog [*.....]
Gold:   202        SH:  0    Dex: 10    Spells: 0 memorised, 7 levels left

rFire  + . .     SeeInvis +     s - +1 war axe (chop)
rCold  . . .     Clarity  .     b - +0 scale mail
rNeg   . . .     SustAt   .     (no shield)
rPois  .         Gourm    .     (no helmet)
rElec  .         Spirit   .     i - +0 cloak
rCorr  .         Warding  .     (no gloves)
rMut   .         Stasis   .     (no boots)
MR     .....                    (no amulet)
Stlth  ..........               r - ring of see invisible
                                m - ring of protection from fire

@: not resistant to hostile enchantments, extremely unstealthy
A: no striking features
a: Burn Spellbooks, Berserk, Renounce Religion


You were on level 6 of the Dungeon.
You worshipped Trog.
Trog was aware of your devotion.
You were hungry.

You visited 2 branches of the dungeon, and saw 8 of its levels.

You collected 324 gold pieces.
You spent 122 gold pieces at shops.

Inventory:

Hand weapons
 s - a +1 war axe of chopping (weapon)
Armour
 b - a +0 scale mail (worn)
 i - a +0 cloak (worn)
Jewellery
 k - an uncursed ring of flight
 m - a ring of protection from fire (left hand)
 r - a ring of see invisible (right hand)
Magical devices
 c - a wand of draining (9)
Scrolls
 a - 2 scrolls of acquirement {unknown}
 g - 4 scrolls of remove curse {unknown}
 n - 2 scrolls of immolation {unknown}
 p - 3 scrolls of teleportation
 q - 3 scrolls of amnesia {unknown}
 u - a scroll of fog {unknown}
Potions
 f - 3 potions of haste
 h - a potion of curing
 l - 2 potions of brilliance
 o - 2 potions of mutation
Comestibles
 e - 7 bread rations
 j - a slice of pizza


   Skills:
 - Level 3.6 Fighting
 + Level 12.9 Axes
 - Level 3.2 Armour
   Level 3.2 Shields


You had 7 spell levels left.
You didn't know any spells.

Dungeon Overview and Level Annotations

Branches:
Dungeon (7/15)             Temple (1/1) D:5

Altars:
Ashenzari
Elyvilon
Gozag
Kikubaaqudgha
Makhleb
Qazlal
Sif Muna
Trog
Vehumet
Xom
Yredelemnul
The Shining One

Shops:
D:4 [*   D:5 ?:(((


Message History

You hit the orc warrior but do no damage.
The orc warrior is severely wounded.
The orc warrior hits you but does no damage.
Your scale mail prevents you from hitting the orc warrior.
The orc warrior is severely wounded.
You hit the orc warrior but do no damage.
The orc warrior is severely wounded.
The orc warrior hits you with a glaive of protection!!
* * * LOW HITPOINT WARNING * * *
You feel better.
The orc warrior hits you but does no damage.
You closely miss the orc warrior.
The orc warrior is severely wounded.
You closely miss the orc warrior.
The orc warrior is severely wounded.
The orc warrior barely misses you.
You barely miss the orc warrior.
The orc warrior is severely wounded.
The orc warrior hits you with a glaive of protection!
You die...

########## #........# #.#####...
#......... ######
#############.#####...
.....#######..oo@..(.......# ##.#
####.#..÷....###########.#.####.#
# #.#.#####.....................
# #.#.## #÷#######.##.....####.
####..#.####.# ##.#.###..# #.
.....###..##.######...# #.# #.
###.## ##.##(.<)......# #.####.
##.## ##.#((#####...## ##......
### ##...(....###.#.###..####.


You could see an orc warrior and an orc.

Vanquished Creatures
  2 ogres
  A phantom (D:6)
  A giant frog (D:6)
  2 scorpions
  2 giant frog zombies
  A giant frog skeleton (D:6)
  3 jellies
  2 orc priests (D:6)
  2 iguanas
  2 crimson imps (D:5)
  4 orc wizards
  Natasha (thrice) (D:4)
  5 worker ants
  A hound skeleton (D:4)
  9 adders
  2 shadow imps
  2 oozes
  An adder skeleton (D:6)
  4 worms
  9 giant geckos
  9 orcs
  10 giant cockroaches
  6 goblins
  16 hobgoblins
  7 jackals
  11 kobolds
  A quokka (D:2)
  3 ball pythons
  17 bats
  5 giant newts
  8 rats
151 creatures vanquished.

Notes
Turn   | Place    | Note
--------------------------------------------------------------
     0 | D:1      | Cryogen the Hill Orc Fighter began the quest for the Orb.
     0 | D:1      | Reached XP level 1. HP: 19/19 MP: 1/1
    16 | D:1      | Noticed an electric eel
    58 | D:1      | Reached XP level 2. HP: 24/26 MP: 2/2
   154 | D:1      | Reached skill level 4 in Axes
   345 | D:1      | Reached XP level 3. HP: 28/31 MP: 3/3
   656 | D:2      | Reached skill level 5 in Axes
   873 | D:2      | Reached XP level 4. HP: 32/39 MP: 4/4
  1106 | D:3      | Reached skill level 6 in Axes
  1565 | D:3      | Noticed an ogre
  1572 | D:3      | Killed an ogre
  1572 | D:3      | Reached skill level 7 in Axes
  1572 | D:3      | Reached XP level 5. HP: 21/45 MP: 5/5
  2002 | D:4      | Found Ekeosh's Armour Shop.
  2059 | D:4      | Noticed an ogre
  2063 | D:4      | Killed an ogre
  2063 | D:4      | Reached skill level 8 in Axes
  2063 | D:4      | Reached XP level 6. HP: 44/51 MP: 6/6
  2164 | D:4      | Noticed Natasha
  2178 | D:4      | Killed Natasha
  2430 | D:4      | Reached skill level 9 in Axes
  2627 | D:4      | Found Goklel's General Store.
  2670 | D:4      | Noticed Natasha
  2679 | D:4      | Killed Natasha
  2679 | D:4      | Reached XP level 7. HP: 41/57 MP: 7/7
  2760 | D:4      | Noticed Natasha
  2765 | D:4      | Killed Natasha
  3035 | D:4      | Reached skill level 10 in Axes
  3627 | D:5      | Entered Level 5 of the Dungeon
  3649 | D:5      | Found Tyinasie's Weapon Shop.
  3665 | D:5      | Bought a +1 war axe of chopping for 122 gold pieces
  3731 | D:5      | Found Gumayli's Antique Weapon Boutique.
  3956 | D:5      | Found a staircase to the Ecumenical Temple.
  3970 | Temple   | Entered the Ecumenical Temple
  4005 | Temple   | Became a worshipper of Trog the Wrathful
  4084 | D:5      | Reached skill level 11 in Axes
  4111 | D:5      | Found Ymogiri's Antique Weapon Shoppe.
  4143 | D:5      | Found Pefuse Nulu's Magic Scroll Shop.
  4148 | D:5      | Found Odeelul's Book Boutique.
  4444 | D:6      | Reached XP level 8. HP: 53/64 MP: 8/8
  4649 | D:6      | Acquired Trog's first power
  4674 | D:6      | Reached skill level 12 in Axes
  5514 | D:6      | Slain by an orc warrior

Vault maps used:
D:1:      arrival_aquarium_a
D:4:      serial_shops, nicolae_shop_behind_doors, shop, uniq_natasha
D:5:      temple_pool_b, first_bread, serial_shops, shop, shop, shop,
          nicolae_shop_statue_plus, shop_statue, nrook_uturn
D:7:      basic_altar
Temple:   kilobyte_greek_temple_18

Action                   |  1- 3 |  4- 6 |  7- 9 || total
-------------------------+-------+-------+-------++-------
Melee: War axe           |    98 |   139 |   243 ||   480
  Use: Potion            |       |     1 |     4 ||     5
       Scroll            |       |       |     8 ||     8
  Eat: Meat ration       |       |     1 |       ||     1
       Royal jelly       |       |     1 |       ||     1
       Fruit             |       |       |     2 ||     2
       Pizza             |       |       |     2 ||     2
       Beef jerky        |       |       |     2 ||     2
